 Dungeon Crawl Stone Soup version 0.27-a0-1612-gde56a17b89 (webtiles) character file.

Game seed: 15772864665058952934

9 Zeldest the Insei (level 2, 0/18 HPs)
             Began as an Octopode Transmuter on July 22, 2021.
             Slain by a gnoll (7 damage)
             ... on level 1 of the Dungeon.
             The game lasted 00:02:04 (373 turns).

Zeldest the Insei (Octopode Transmuter)              Turns: 373, Time: 00:02:05

Health: 0/18       AC:  1    Str:  9    XL:     2   Next: 16%
Magic:  4/5        EV: 13    Int: 15    God:
Gold:   0          SH:  0    Dex: 12    Spells: 4/5 levels left

rFire    . . .     SeeInvis .     - Unarmed
rCold    . . .     Faith    .   (no shield)
rNeg     . . .     Spirit   .   (helmet currently unavailable)
rPois    .         Reflect  .   (no amulet)
rElec    .         Harm     .   (no ring)
rCorr    .         Rampage  .   (no ring)
Will     .....                  (no ring)
Stlth    ++........             (no ring)
HPRegen  0.06/turn              (no ring)
MPRegen  0.09/turn              (no ring)
                                (no ring)
                                (no ring)

@: appendages
A: tentacle spike 3, almost no armour, amphibious, 8 rings, camouflage 1,
gelatinous body 1, (nimble swimmer 1), tentacles
a: End Transformation


You were on level 1 of the Dungeon.
One of your tentacles had grown a beastly spike.
You visited 1 branch of the dungeon, and saw 1 of its levels.

Inventory:

Potions
 a - a potion of lignification {unknown}
 b - a potion of heal wounds {unknown}


   Skills:
 + Level 1.2 Fighting
 + Level 2.1 Dodging
 * Level 3.2 Unarmed Combat
 - Level 2.0 Spellcasting
 * Level 2.3 Transmutations


You had 4 spell levels left.
You knew the following spells:

 Your Spells              Type           Power      Damage    Failure   Level
a - Beastly Appendage     Tmut           16%        N/A       9%          1

Your spell library contained the following spells:

 Spells                   Type           Power      Damage    Failure   Level
 Wereblood                Tmut           8%         N/A       13%         2
 Spider Form              Tmut/Pois      2%         N/A       38%         3
 Ice Form                 Ice/Tmut       4%         N/A       80%         4


Dungeon Overview and Level Annotations

Branches:
Dungeon (1/15)

Altars:


Innate Abilities, Weirdness & Mutations

One of your tentacles has grown a beastly spike.
You cannot wear most types of armour.
You are amphibious.
You can wear up to eight rings at the same time.
Your skin changes colour to match your surroundings (Stealth+).
Your rubbery body absorbs attacks. (AC +1, EV +1)
((You are camouflaged near water. (Stealth+)))
You have tentacles for arms and can constrict up to eight enemies at once.


Message History

Your transformation is almost over.
Your tentacle spike disappears.
A quokka comes into view.
Found a robe.
Casting: Beastly Appendage (safe; 9% risk of failure)
Confirm with . or Enter, or press ? or * to list all spells.
One of your tentacles grows a vicious spike.
You miss the quokka. Your grab misses the quokka.
You pierce the quokka.
Your squeeze misses the quokka.
The quokka is almost dead.
The quokka bites you.
You tentacle-slap the quokka.
You kill the quokka!
Casting: Beastly Appendage (safe; 9% risk of failure)
Confirm with . or Enter, or press ? or * to list all spells.
Okay, then.
A giant cockroach comes into view.
Found 5 large rocks.
Casting: Beastly Appendage (safe; 9% risk of failure)
Confirm with . or Enter, or press ? or * to list all spells.
You extend your transformation's duration.
You tentacle-slap the giant cockroach. Your grab misses the giant cockroach.
You pierce the giant cockroach.
You kill the giant cockroach!
An endoplasm and a gnoll come into view.
Found a helmet.
Found a book of the Earth.
The gnoll shouts!
The gnoll hits you with a +0 spear!
You tentacle-slap the gnoll but do no damage.
Your grab misses the gnoll.
Your tentacle spike misses the gnoll.
The gnoll closely misses you. The gnoll closely misses you.
The endoplasm hits you. The endoplasm misses you.
As you read the scroll labelled BYHOVV YKKUOXAT, it crumbles to dust.
It is a scroll of enchant armour.
You aren't carrying any armour which can be enchanted further.
The endoplasm hits you.
The gnoll hits you from afar with a +0 spear!
You die...

..##≈.≈§≈.≈#.###
..###+###'##...######
......# #...........#
#.##.## ##.#.#.####.####
#.##.#####.#.#.####....#
...........#.#...#..##.#
#.##.#######.#.#.......#
.........###.#....###..##
.>##.###.#...#.#@##[....#
#..#.. #.#.###.#[Jg.#
#..#.. #.#.#.#.##...#
#..#.# #.#...#..#...(#
#..#.# #.#.#.#....##.#
#..#.###.###.#:.### ...
#..........#.##. ....
#......#.#.#.## #####
.....#.#.#.#.#


You could see a gnoll and an endoplasm.

Vanquished Creatures
  A ball python (D:1)
  2 giant cockroaches (D:1)
  2 quokkas (D:1)
  A bat (D:1)
  2 frilled lizards (D:1)
  A kobold (D:1)
9 creatures vanquished.

Notes
Turn   | Place    | Note
-------+----------+-------------------------------------------
     0 | D:1      | Zeldest the Octopode Transmuter began the quest for the
                  | Orb.
     0 | D:1      | Reached XP level 1. HP: 13/13 MP: 3/3
   320 | D:1      | Reached XP level 2. HP: 18/18 MP: 3/5
   373 | D:1      | Slain by a gnoll

Illustrated notes

Levels and vault maps discovered:
D:1:      ncdulo_lavacross, layout_basic, minmay_pentomino_s4

Action                   || total
-------------------------++-------
Melee: Unarmed           ||    20
       Constrict         ||     5
       Tentacles         ||     3
       Kick              ||     4
 Cast: Beastly Appendage ||     5
  Use: Scroll            ||     1
 Stab: Sleeping          ||     1
Armor: Skin              ||     2
Dodge: Dodged            ||    17

Table legend: (Time is in decaauts)
 A = Elapsed time spent in this place.
 B = Non-inter-level travel time spent in this place.
 C = Inter-level travel time spent in this place.
 D = Time resting spent in this place.
 E = Time spent auto-exploring this place.
 F = Levels seen in this place.
 G = Mean time per level.
                   A        B        C        D        E       F      G
               +--------+--------+--------+--------+--------+-----+--------+
         Total |    372 |    372 |      0 |    110 |      7 |   1 |  372.0 |
       Dungeon |    372 |    372 |      0 |    110 |      7 |   1 |  372.0 |
               +--------+--------+--------+--------+--------+-----+--------+

Top non-repeatable levels by time:
     D:1: 372 daAuts
